[Event "23rd ETCC Open 2021"]
[Site "Catez"]
[Date "2021.11.16"]
[Round "5.75"]
[White "Morrison, Graham"]
[Black "Nemeth, Zalan"]
[Result "1/2-1/2"]
[ECO "A57"]
[WhiteElo "2251"]
[BlackElo "2163"]
[Annotator "NA"]
[PlyCount "61"]
[EventDate "2021.11.08"]
[EventType "team-tourn"]
[EventCountry "SLO"]
[SourceTitle "playchess.com"]
[Source "ChessBase"]
[SourceQuality "1"]
[WhiteTeam "Scotland"]
[BlackTeam "Ireland"]
[WhiteTeamCountry "SCO"]
[BlackTeamCountry "IRL"]
[TimeControl "40/5400+30:1800+30"]

1. d4 Nf6 2. c4 c5 3. d5 b5 4. cxb5 a6 5. b6 Qxb6 6. Nc3 d6 7. Nf3 g6 8. e4 Bg7
9. Be2 O-O 10. Nd2 Nbd7 11. a4 Rb8 12. O-O Qd8 13. Nc4 Ne8 14. Qc2 Nb6 15. Bg5
f5 16. f3 Bd4+ 17. Kh1 Nxc4 18. Bxc4 Nf6 19. Rab1 fxe4 20. Nxe4 Nxe4 21. fxe4
Rxf1+ 22. Bxf1 Qf8 23. Bc4 h6 24. Bh4 Qf4 25. Bg3 Qg5 26. b3 h5 27. Rf1 h4 28.
Bf4 Qh5 29. Be2 Bg4 30. Bxg4 Qxg4 31. h3 1/2-1/2

[Event "23rd ETCC Open 2021"]
[Site "Catez"]
[Date "2021.11.16"]
[Round "5.76"]
[White "Kanyamarala, Trisha"]
[Black "Gordon, Frederick"]
[Result "0-1"]
[ECO "D35"]
[WhiteElo "2089"]
[BlackElo "1739"]
[Annotator "ChessBase"]
[PlyCount "150"]
[EventDate "2021.11.08"]
[EventType "team-tourn"]
[EventCountry "SLO"]
[SourceTitle "playchess.com"]
[Source "ChessBase"]
[SourceQuality "1"]
[WhiteTeam "Ireland"]
[BlackTeam "Scotland"]
[WhiteTeamCountry "IRL"]
[BlackTeamCountry "SCO"]
[TimeControl "40/5400+30:1800+30"]

1. d4 d5 2. c4 e6 3. Nc3 Nf6 4. cxd5 exd5 5. Bg5 c6 6. e3 Be7 7. Bd3 Nbd7 8. h3
h6 9. Bf4 Nb6 10. Nf3 Be6 11. Qe2 Bd6 12. Ne5 Qc7 13. Bg3 a6 14. O-O O-O 15. f4
Rfe8 16. Rfe1 Rad8 17. Rac1 Ne4 18. Nxe4 dxe4 19. Bxe4 f6 20. Nf3 Bxa2 21. Bg6
Bf7 22. Bb1 Bb4 23. Rf1 Nd5 24. e4 Nxf4 25. Qe3 Ne2+ 26. Qxe2 Qxg3 27. e5 fxe5
28. dxe5 Qf4 29. Qc2 g6 30. Kh1 Bf8 31. Nh2 Qd2 32. Qe4 Bg7 33. Qf3 Bd5 34. Qg4
Qg5 35. Qxg5 hxg5 36. Ng4 Re6 37. Rcd1 Rf8 38. Rxf8+ Kxf8 39. Re1 a5 40. Kg1 b5
41. Kf2 a4 42. Bc2 Ke7 43. g3 c5 44. h4 gxh4 45. gxh4 Ra6 46. Ne3 Bf7 47. h5
gxh5 48. Nf5+ Kf8 49. Kf3 b4 50. Kf4 c4 51. Rd1 Be8 52. Rd8 Re6 53. Bxa4 Bxe5+
54. Kf3 Bxb2 55. Bd7 Re5 56. Kf4 Re1 57. Rc8 c3 58. Nd4 Kf7 59. Bf5 Bc1+ 60.
Kf3 Re3+ 61. Kg2 Re5 62. Bd3 Be3 63. Nc2 Bc5 64. Kg3 b3 65. Bc4+ Kf6 66. Bxb3
Kg5 67. Rd8 h4+ 68. Kh3 Bg6 69. Rg8 Rf5 70. Ne1 Kf6 71. Bc2 Rg5 72. Nf3 Bf5+
73. Bxf5 Rxg8 74. Nxh4 Rh8 75. Bc2 Bf2 0-1

[Event "23rd ETCC Open 2021"]
[Site "Catez"]
[Date "2021.11.18"]
[Round "6.28"]
[White "Ronka, Erik"]
[Black "Perunovic, Milos"]
[Result "1/2-1/2"]
[ECO "B32"]
[WhiteElo "2321"]
[BlackElo "2541"]
[Annotator "ChessBase"]
[PlyCount "64"]
[EventDate "2021.11.08"]
[EventType "team-tourn"]
[EventCountry "SLO"]
[SourceTitle "playchess.com"]
[Source "ChessBase"]
[SourceQuality "1"]
[WhiteTeam "Finland"]
[BlackTeam "Serbia"]
[WhiteTeamCountry "FIN"]
[BlackTeamCountry "SRB"]
[TimeControl "40/5400+30:1800+30"]

1. e4 c5 2. Nf3 Nc6 3. d4 cxd4 4. Nxd4 e5 5. Nb5 d6 6. N1c3 a6 7. Na3 Be6 8.
Nc4 Rb8 9. Nd5 Nf6 10. Nxf6+ Qxf6 11. Nxd6+ Bxd6 12. Qxd6 Rd8 13. Qa3 Qg6 14.
Be3 Qxe4 15. Bd3 Qb4+ 16. Qxb4 Nxb4 17. Ke2 f5 18. f3 O-O 19. a3 Nc6 20. c3 e4
21. fxe4 fxe4 22. Bc2 Bc4+ 23. Ke1 Ne5 24. Bd4 Nd3+ 25. Bxd3 exd3 26. Kd2 Rde8
27. Rhe1 Re2+ 28. Rxe2 dxe2 29. b3 Rf1 30. Re1 Rxe1 31. Kxe1 Bxb3 32. Kxe2 Kf7
1/2-1/2

[Event "23rd ETCC Open 2021"]
[Site "Catez"]
[Date "2021.11.18"]
[Round "6.30"]
[White "Dastan, Muhammed Batuhan"]
[Black "Paichadze, Luka"]
[Result "1/2-1/2"]
[ECO "E32"]
[WhiteElo "2572"]
[BlackElo "2551"]
[Annotator "ChessBase"]
[PlyCount "156"]
[EventDate "2021.11.08"]
[EventType "team-tourn"]
[EventCountry "SLO"]
[SourceTitle "playchess.com"]
[Source "ChessBase"]
[SourceQuality "1"]
[WhiteTeam "Turkey"]
[BlackTeam "Georgia"]
[WhiteTeamCountry "TUR"]
[BlackTeamCountry "GEO"]
[TimeControl "40/5400+30:1800+30"]

1. d4 Nf6 2. c4 e6 3. Nc3 Bb4 4. Qc2 O-O 5. e4 d5 6. e5 Ne4 7. Bd3 c5 8. Nf3
cxd4 9. Nxd4 Nd7 10. Bf4 Qh4 11. g3 Qh5 12. O-O g5 13. cxd5 Bxc3 14. Be3 exd5
15. bxc3 Nxe5 16. Bxe4 dxe4 17. Qxe4 Ng4 18. Nf3 f6 19. Qd5+ Qf7 20. Qxf7+ Kxf7
21. Bc5 Re8 22. Rfe1 Rxe1+ 23. Rxe1 Be6 24. a4 b6 25. Bd4 Bd5 26. Nd2 Nh6 27.
f3 Nf5 28. Bf2 Rc8 29. a5 Rxc3 30. axb6 axb6 31. Bxb6 Rd3 32. Re2 Bxf3 33. Nxf3
Rxf3 34. Rf2 Rxf2 35. Kxf2 g4 36. Ke2 Ke6 37. Kd3 Ne7 38. Ke4 h5 39. Bd8 Nc6
40. Bc7 Ne5 41. Kf4 Nc4 42. Bd8 Nd2 43. Bb6 Nc4 44. Bd8 Ne5 45. Bc7 Nf7 46. Ba5
Ng5 47. Bb6 Nh3+ 48. Ke4 f5+ 49. Ke3 Kf6 50. Bd8+ Kg6 51. Bc7 Ng5 52. Bf4 Ne6
53. Be5 Kg5 54. Bd6 Kf6 55. Bb8 Ke7 56. Be5 Kf7 57. Bd6 Kf6 58. Bb8 Nf8 59. Bd6
Ng6 60. Bc7 Kf7 61. Bd8 Ke6 62. Bc7 Ke7 63. Bb8 Kf6 64. Bc7 Kg5 65. Bd8+ Kh6
66. Bc7 Nf8 67. Bf4+ Kg6 68. Bd6 Nh7 69. Bc7 Ng5 70. Bf4 Nh3 71. Bc7 Kf6 72.
Bd8+ Ke6 73. Bc7 Ng1 74. Bb8 Kf6 75. Bc7 Kg6 76. Bf4 h4 77. gxh4 Kh5 78. Kf2
Nh3+ 1/2-1/2

[Event "23rd ETCC Open 2021"]
[Site "Catez"]
[Date "2021.11.18"]
[Round "6.31"]
[White "Pantsulaia, Levan"]
[Black "Can, Emre"]
[Result "1/2-1/2"]
[ECO "A20"]
[WhiteElo "2571"]
[BlackElo "2570"]
[Annotator "ChessBase"]
[PlyCount "125"]
[EventDate "2021.11.08"]
[EventType "team-tourn"]
[EventCountry "SLO"]
[SourceTitle "playchess.com"]
[Source "ChessBase"]
[SourceQuality "1"]
[WhiteTeam "Georgia"]
[BlackTeam "Turkey"]
[WhiteTeamCountry "GEO"]
[BlackTeamCountry "TUR"]
[TimeControl "40/5400+30:1800+30"]

1. c4 e5 2. g3 c6 3. d4 e4 4. Nc3 d5 5. cxd5 cxd5 6. Qb3 Nc6 7. Qxd5 Qxd5 8.
Nxd5 Nxd4 9. Bg5 Be6 10. Nc7+ Kd7 11. Nxe6 Bb4+ 12. Bd2 Bxd2+ 13. Kxd2 Kxe6 14.
e3 Nc6 15. Bc4+ Ke7 16. Ne2 Nf6 17. Rhc1 Rac8 18. Nc3 Rhd8+ 19. Ke1 Nb4 20. Be2
Rc6 21. h3 h5 22. a3 Nd3+ 23. Bxd3 exd3 24. Rd1 g5 25. Rd2 g4 26. hxg4 hxg4 27.
Rad1 Rcd6 28. Nb5 Rb6 29. Nd4 Rh8 30. Nf5+ Ke6 31. Nh4 Rd8 32. b4 Rbd6 33. Ng2
Ke5 34. Nf4 Ke4 35. b5 Nh7 36. Rc1 Ng5 37. Rc4+ Kf3 38. Rd4 Rxd4 39. exd4 Ke4
40. Rxd3 Nf3+ 41. Ke2 Rxd4 42. Re3+ Kf5 43. Rc3 Rd2+ 44. Ke3 Ra2 45. Nd3 f6 46.
b6 axb6 47. Nb4 Rb2 48. Nd3 Rb1 49. a4 Ne5 50. Nxe5 fxe5 51. Rc7 b5 52. a5 Ra1
53. Rf7+ Ke6 54. Rxb7 Rxa5 55. f3 Ra3+ 56. Ke4 Ra4+ 57. Ke3 Rb4 58. fxg4 Rb1
59. Rb6+ Kf7 60. Ke4 b4 61. Kxe5 b3 62. Kf5 Rf1+ 63. Ke4 1/2-1/2

[Event "23rd ETCC Open 2021"]
[Site "Catez"]
[Date "2021.11.18"]
[Round "6.32"]
[White "Sanal, Vahap"]
[Black "Quparadze, Giga"]
[Result "1/2-1/2"]
[ECO "B24"]
[WhiteElo "2590"]
[BlackElo "2475"]
[Annotator "ChessBase"]
[PlyCount "89"]
[EventDate "2021.11.08"]
[EventType "team-tourn"]
[EventCountry "SLO"]
[SourceTitle "playchess.com"]
[Source "ChessBase"]
[SourceQuality "1"]
[WhiteTeam "Turkey"]
[BlackTeam "Georgia"]
[WhiteTeamCountry "TUR"]
[BlackTeamCountry "GEO"]
[TimeControl "40/5400+30:1800+30"]

1. e4 c5 2. Nc3 e6 3. g3 Nc6 4. Bg2 g6 5. d3 Bg7 6. Be3 Nd4 7. Nce2 d5 8. c3
Nxe2 9. Nxe2 dxe4 10. dxe4 Qc7 11. b4 c4 12. Nd4 Bd7 13. f4 Ne7 14. O-O O-O 15.
a4 e5 16. fxe5 Bxe5 17. Bh6 Bg7 18. Bf4 Be5 19. Bh6 Bg7 20. Bf4 Be5 21. Qd2 a6
22. Nf3 Bxf4 23. gxf4 Rad8 24. Nd4 Nc6 25. f5 f6 26. fxg6 hxg6 27. Qh6 Ne5 28.
Qh4 Qd6 29. a5 Kg7 30. Qg3 Rh8 31. Rf5 Rdf8 32. Raf1 Rh7 33. h4 Kh8 34. R5f2
Qe7 35. Bh3 Nd3 36. Rg2 Bxh3 37. Qxh3 Qxe4 38. Rg4 Qe8 39. Qg3 Rh6 40. Nf3 Qe6
41. Ng5 Qc8 42. Ne4 Qe6 43. Ng5 Qc8 44. Ne4 Qe6 45. Ng5 1/2-1/2

[Event "23rd ETCC Open 2021"]
[Site "Catez"]
[Date "2021.11.18"]
[Round "6.40"]
[White "Haria, Ravi"]
[Black "Kurmann, Oliver"]
[Result "1/2-1/2"]
[ECO "B30"]
[WhiteElo "2497"]
[BlackElo "2458"]
[Annotator "ChessBase"]
[PlyCount "138"]
[EventDate "2021.11.08"]
[EventType "team-tourn"]
[EventCountry "SLO"]
[SourceTitle "playchess.com"]
[Source "ChessBase"]
[SourceQuality "1"]
[WhiteTeam "England"]
[BlackTeam "Switzerland"]
[WhiteTeamCountry "ENG"]
[BlackTeamCountry "SUI"]
[TimeControl "40/5400+30:1800+30"]

1. e4 c5 2. Nf3 e6 3. Nc3 Nc6 4. Bb5 Nd4 5. O-O a6 6. Bd3 Nc6 7. Nd5 Bd6 8. Ne3
Bc7 9. c3 d5 10. exd5 exd5 11. Re1 Nge7 12. b4 c4 13. Bc2 O-O 14. d3 b5 15.
dxc4 dxc4 16. Qe2 Qd6 17. a4 Rb8 18. axb5 axb5 19. Rd1 Qf6 20. Nd5 Nxd5 21.
Rxd5 Nxb4 22. Rd4 Nxc2 23. Qxc2 h6 24. Be3 Bb7 25. Rd7 Qc6 26. Rad1 Rbe8 27.
R7d4 Re4 28. Rxe4 Qxe4 29. Qxe4 Bxe4 30. Nd4 Rb8 31. f3 Bd3 32. Nc6 Ra8 33. Na7
Rb8 34. Nc6 Re8 35. Kf2 Bxh2 36. Nb4 Bg3+ 37. Kxg3 Rxe3 38. Kf4 Re2 39. Kg3 Re3
40. Kf4 Re2 41. Kg3 Bg6 42. Rd8+ Kh7 43. Rb8 Rb2 44. Nd5 Bd3 45. Rb7 Bf5 46.
Ne3 Be6 47. f4 g6 48. Kf3 Rb3 49. g4 Rxc3 50. Ke4 Kg7 51. f5 Rxe3+ 52. Kxe3
gxf5 53. gxf5 Bxf5 54. Rxb5 Kg6 55. Kf4 Bd3 56. Rc5 f6 57. Rc7 Kh5 58. Rc6 f5
59. Rc7 Kh4 60. Rd7 h5 61. Rg7 Kh3 62. Ke3 h4 63. Rg8 Kh2 64. Rh8 h3 65. Kf2 c3
66. Rc8 c2 67. Rc7 Be4 68. Rc5 Bd3 69. Rc7 Be4 1/2-1/2

[Event "23rd ETCC Open 2021"]
[Site "Catez"]
[Date "2021.11.18"]
[Round "6.42"]
[White "Druska, Juraj"]
[Black "Urkedal, Frode Olav Olsen"]
[Result "1/2-1/2"]
[ECO "C58"]
[WhiteElo "2508"]
[BlackElo "2569"]
[Annotator "ChessBase"]
[PlyCount "72"]
[EventDate "2021.11.08"]
[EventType "team-tourn"]
[EventCountry "SLO"]
[SourceTitle "playchess.com"]
[Source "ChessBase"]
[SourceQuality "1"]
[WhiteTeam "Slovakia"]
[BlackTeam "Norway"]
[WhiteTeamCountry "SVK"]
[BlackTeamCountry "NOR"]
[TimeControl "40/5400+30:1800+30"]

1. e4 e5 2. Nf3 Nc6 3. Bc4 Nf6 4. Ng5 d5 5. exd5 Na5 6. Bb5+ c6 7. dxc6 bxc6 8.
Bd3 Nd5 9. Nf3 Bd6 10. O-O Nf4 11. Re1 Nxd3 12. cxd3 O-O 13. Nxe5 c5 14. d4
cxd4 15. d3 Re8 16. Nf3 Bg4 17. Rxe8+ Qxe8 18. Nbd2 Nc6 19. h3 Bh5 20. Ne4 Bc7
21. Ng3 Bxg3 22. fxg3 Ne5 23. g4 Bg6 24. Ne1 Qb5 25. Qb3 Qxb3 26. axb3 Nxd3 27.
Nxd3 Bxd3 28. Ra4 Bc2 29. Rxd4 Bxb3 30. Rb4 Be6 31. Bd2 h6 32. Bc3 Rd8 33. Kf2
Rd1 34. Ra4 Rc1 35. Rd4 Rc2+ 36. Rd2 Rxd2+ 1/2-1/2

[Event "23rd ETCC Open 2021"]
[Site "Catez"]
[Date "2021.11.18"]
[Round "6.43"]
[White "Hauge, Lars Oskar"]
[Black "Petenyi, Tamas"]
[Result "1-0"]
[ECO "B82"]
[WhiteElo "2490"]
[BlackElo "2458"]
[Annotator "ChessBase"]
[PlyCount "117"]
[EventDate "2021.11.08"]
[EventType "team-tourn"]
[EventCountry "SLO"]
[SourceTitle "playchess.com"]
[Source "ChessBase"]
[SourceQuality "1"]
[WhiteTeam "Norway"]
[BlackTeam "Slovakia"]
[WhiteTeamCountry "NOR"]
[BlackTeamCountry "SVK"]
[TimeControl "40/5400+30:1800+30"]

1. e4 c5 2. Nf3 e6 3. Nc3 a6 4. d4 cxd4 5. Nxd4 d6 6. f4 Nf6 7. Qf3 Be7 8. Be3
Qc7 9. Bd3 Nbd7 10. O-O b5 11. a3 Bb7 12. Rae1 g6 13. Qh3 e5 14. fxe5 Nxe5 15.
Kh1 Nfg4 16. Bg1 O-O 17. Nde2 Bg5 18. Nf4 Rae8 19. Nfd5 Qc8 20. Rd1 h5 21. Qg3
h4 22. Qe1 f5 23. h3 Nf6 24. Be3 Nxd5 25. Bxg5 Nxc3 26. bxc3 Bxe4 27. Qxh4 Bxd3
28. cxd3 Rf7 29. d4 Rh7 30. Qg3 Nc4 31. Rde1 Rf7 32. Rxe8+ Qxe8 33. Re1 Qd7 34.
Bf4 Rf6 35. d5 Nb6 36. Bg5 f4 37. Qf2 Rf5 38. Re7 Rxg5 39. Rxd7 Nxd7 40. Qa7
Nf8 41. Qxa6 Rxd5 42. Qc6 Rd1+ 43. Kh2 Rd2 44. Kg1 Kf7 45. Qxb5 Ne6 46. a4 Kf6
47. a5 Nc5 48. Qb1 g5 49. c4 Re2 50. a6 Nxa6 51. Qa1+ Ke6 52. Qxa6 Re5 53. Kf2
Rc5 54. Kf3 Ke5 55. Kg4 Ke6 56. Qa8 Kf6 57. Qd8+ Ke6 58. Qxg5 Rxg5+ 59. Kxg5
1-0

[Event "23rd ETCC Open 2021"]
[Site "Catez"]
[Date "2021.11.18"]
[Round "6.44"]
[White "Sahidi, Samir"]
[Black "Notkevich, Benjamin Arvola"]
[Result "1-0"]
[ECO "A90"]
[WhiteElo "2432"]
[BlackElo "2471"]
[Annotator "ChessBase"]
[PlyCount "87"]
[EventDate "2021.11.08"]
[EventType "team-tourn"]
[EventCountry "SLO"]
[SourceTitle "playchess.com"]
[Source "ChessBase"]
[SourceQuality "1"]
[WhiteTeam "Slovakia"]
[BlackTeam "Norway"]
[WhiteTeamCountry "SVK"]
[BlackTeamCountry "NOR"]
[TimeControl "40/5400+30:1800+30"]

1. d4 d5 2. Nf3 e6 3. c4 c6 4. Nbd2 Nd7 5. g3 f5 6. Bg2 Ngf6 7. O-O Bd6 8. b3
a5 9. a4 Ne4 10. Ba3 Bb4 11. Bxb4 axb4 12. Nxe4 dxe4 13. Ne1 c5 14. f3 exf3 15.
exf3 Qb6 16. d5 e5 17. Ra2 O-O 18. Nd3 f4 19. Bh3 fxg3 20. hxg3 Qh6 21. Be6+
Kh8 22. Qe1 b6 23. Bxd7 Bxd7 24. Rh2 Qf6 25. Nxe5 Bf5 26. f4 Rae8 27. Qf2 Kg8
28. g4 Be4 29. Nd7 Qc3 30. Nxf8 Rxf8 31. Qe1 Qd4+ 32. Rhf2 Rxf4 33. Kh2 Rf6 34.
Rxf6 gxf6 35. Qf2 Qe5+ 36. Qf4 Qb2+ 37. Rf2 Qb1 38. Qxf6 Qh1+ 39. Kg3 Qg1+ 40.
Kh4 Qh1+ 41. Kg5 h6+ 42. Qxh6 Qc1+ 43. Rf4 Bc2 44. d6 1-0

[Event "23rd ETCC Open 2021"]
[Site "Catez"]
[Date "2021.11.18"]
[Round "6.46"]
[White "Kazakouski, Valery"]
[Black "Brkic, Ante"]
[Result "1-0"]
[ECO "D71"]
[WhiteElo "2490"]
[BlackElo "2599"]
[Annotator "ChessBase"]
[PlyCount "105"]
[EventDate "2021.11.08"]
[EventType "team-tourn"]
[EventCountry "SLO"]
[SourceTitle "playchess.com"]
[Source "ChessBase"]
[SourceQuality "1"]
[WhiteTeam "Lithuania"]
[BlackTeam "Croatia"]
[WhiteTeamCountry "LTU"]
[BlackTeamCountry "CRO"]
[TimeControl "40/5400+30:1800+30"]

1. d4 Nf6 2. c4 g6 3. g3 c6 4. Bg2 d5 5. Qa4 Nfd7 6. cxd5 Nb6 7. Qd1 cxd5 8. e3
Bg7 9. Nc3 h5 10. a4 a5 11. h4 Nc6 12. Nge2 Bf5 13. Nf4 Nb4 14. O-O O-O 15. Qe2
Nc2 16. Ra2 Nb4 17. Ra1 Rc8 18. Bd2 Qd7 19. Rfc1 e5 20. dxe5 Bxe5 21. e4 dxe4
22. Nxe4 Nc2 23. Rab1 Nd4 24. Qd1 Qxa4 25. Rxc8 Rxc8 26. Qxa4 Nxa4 27. Nd3 Nb3
28. Bxa5 Bd4 29. Bb4 Rc2 30. Ba3 b5 31. Re1 Kg7 32. Bf3 Bg4 33. Bd1 Bxd1 34.
Rxd1 Nb6 35. Nd6 Nc4 36. Nxb5 Bb6 37. Nd6 Nxa3 38. bxa3 Nd4 39. Rb1 Rc6 40.
Nxf7 Ne2+ 41. Kg2 Nc3 42. Rb3 Nd5 43. Nfe5 Re6 44. Nc4 Bc7 45. Rb5 Ne7 46. a4
Kh6 47. a5 Nf5 48. Rb7 Bd8 49. Nb4 Be7 50. a6 Bxb4 51. a7 Ra6 52. Nb6 Nd6 53.
Rd7 1-0

[Event "23rd ETCC Open 2021"]
[Site "Catez"]
[Date "2021.11.18"]
[Round "6.47"]
[White "Bosiocic, Marin"]
[Black "Klabis, Rokas"]
[Result "1/2-1/2"]
[ECO "A17"]
[WhiteElo "2545"]
[BlackElo "2353"]
[Annotator "ChessBase"]
[PlyCount "85"]
[EventDate "2021.11.08"]
[EventType "team-tourn"]
[EventCountry "SLO"]
[SourceTitle "playchess.com"]
[Source "ChessBase"]
[SourceQuality "1"]
[WhiteTeam "Croatia"]
[BlackTeam "Lithuania"]
[WhiteTeamCountry "CRO"]
[BlackTeamCountry "LTU"]
[TimeControl "40/5400+30:1800+30"]

1. Nf3 Nf6 2. c4 e6 3. Nc3 Bb4 4. Qc2 O-O 5. a3 Bxc3 6. Qxc3 d6 7. b4 a5 8. Bb2
Nbd7 9. e3 b6 10. Be2 Bb7 11. O-O Qe7 12. d4 Ne4 13. Qc2 f5 14. d5 e5 15. Nd2
Ndf6 16. f4 Nxd2 17. Qxd2 Ne4 18. Qc2 c6 19. Rad1 cxd5 20. cxd5 exf4 21. Rxf4
axb4 22. axb4 Ba6 23. Bxa6 Rxa6 24. Rdf1 g6 25. g4 Nf6 26. Qc3 Qe5 27. Qb3 Qxd5
28. Qc3 b5 29. e4 Qc6 30. Qb3+ Qc4 31. Qxc4+ bxc4 32. exf5 Ra2 33. Bxf6 Rxf6
34. Rxc4 gxf5 35. gxf5 Rb2 36. Rcf4 d5 37. Rc1 Rb6 38. f6 Rb8 39. Re1 Kf8 40.
f7 d4 41. Kh1 R2xb4 42. Rg1 Rb1 43. Rxd4 1/2-1/2

[Event "23rd ETCC Open 2021"]
[Site "Catez"]
[Date "2021.11.18"]
[Round "6.48"]
[White "Brazdzionis, Andrius"]
[Black "Martinovic, Sasa"]
[Result "1/2-1/2"]
[ECO "D37"]
[WhiteElo "2356"]
[BlackElo "2542"]
[Annotator "ChessBase"]
[PlyCount "100"]
[EventDate "2021.11.08"]
[EventType "team-tourn"]
[EventCountry "SLO"]
[SourceTitle "playchess.com"]
[Source "ChessBase"]
[SourceQuality "1"]
[WhiteTeam "Lithuania"]
[BlackTeam "Croatia"]
[WhiteTeamCountry "LTU"]
[BlackTeamCountry "CRO"]
[TimeControl "40/5400+30:1800+30"]

1. d4 Nf6 2. c4 e6 3. Nf3 a6 4. Nc3 d5 5. c5 Nc6 6. h3 Ne4 7. Bf4 g5 8. Bh2 Bg7
9. e3 O-O 10. Be2 f5 11. O-O Bd7 12. Nd2 Nxd2 13. Qxd2 f4 14. Rad1 Qf6 15. Bg4
Rad8 16. b4 Kh8 17. b5 axb5 18. Nxb5 e5 19. Bxd7 Rxd7 20. dxe5 Nxe5 21. exf4
gxf4 22. Rfe1 d4 23. Kh1 d3 24. Re4 Qc6 25. Nc3 Qxc5 26. Rxf4 Rxf4 27. Bxf4 Nc4
28. Ne4 Qf5 29. Qc1 b5 30. Nc3 Qc5 31. Ne4 Qf5 32. Nc3 c6 33. f3 d2 34. Bxd2
Nxd2 35. Rxd2 Bh6 36. Qc2 Qxc2 37. Rxc2 Bf4 38. g3 Bxg3 39. Ne4 Bf4 40. Rxc6
Ra7 41. Rc2 Kg7 42. Kg2 Kg6 43. Rb2 Be5 44. Rxb5 Rxa2+ 45. Kf1 Bf4 46. h4 Rh2
47. h5+ Rxh5 48. Rxh5 Kxh5 49. Nf6+ Kg6 50. Nxh7 Kxh7 1/2-1/2

[Event "23rd ETCC Open 2021"]
[Site "Catez"]
[Date "2021.11.18"]
[Round "6.51"]
[White "Postny, Evgeny"]
[Black "Sonis, Francesco"]
[Result "1/2-1/2"]
[ECO "E11"]
[WhiteElo "2557"]
[BlackElo "2536"]
[Annotator "ChessBase"]
[PlyCount "69"]
[EventDate "2021.11.08"]
[EventType "team-tourn"]
[EventCountry "SLO"]
[SourceTitle "playchess.com"]
[Source "ChessBase"]
[SourceQuality "1"]
[WhiteTeam "Israel"]
[BlackTeam "Italy"]
[WhiteTeamCountry "ISR"]
[BlackTeamCountry "ITA"]
[TimeControl "40/5400+30:1800+30"]

1. d4 Nf6 2. Nf3 e6 3. c4 d5 4. g3 Bb4+ 5. Bd2 Be7 6. Bg2 O-O 7. O-O Nbd7 8.
Qc2 c6 9. Rc1 b6 10. a4 a5 11. cxd5 cxd5 12. Nc3 Bb7 13. Nb5 Rc8 14. Qd1 Rxc1
15. Rxc1 Qa8 16. e3 Rc8 17. Bf1 Rxc1 18. Qxc1 Qc8 19. Qxc8+ Bxc8 20. Ne1 Ne4
21. Bc1 Nb8 22. Nc2 Bd7 23. b3 Nc6 24. f3 Nf6 25. Bd2 Ne8 26. Kf2 Nb4 27. Nxb4
Bxb4 28. Bxb4 axb4 29. e4 Bxb5 30. Bxb5 Nd6 31. Bc6 dxe4 32. fxe4 f6 33. Ke3 e5
34. Bd5+ Kf8 35. Kd3 1/2-1/2

[Event "23rd ETCC Open 2021"]
[Site "Catez"]
[Date "2021.11.18"]
[Round "6.52"]
[White "Lodici, Lorenzo"]
[Black "Boruchovsky, Avital"]
[Result "1-0"]
[ECO "E20"]
[WhiteElo "2529"]
[BlackElo "2542"]
[Annotator "ChessBase"]
[PlyCount "103"]
[EventDate "2021.11.08"]
[EventType "team-tourn"]
[EventCountry "SLO"]
[SourceTitle "playchess.com"]
[Source "ChessBase"]
[SourceQuality "1"]
[WhiteTeam "Italy"]
[BlackTeam "Israel"]
[WhiteTeamCountry "ITA"]
[BlackTeamCountry "ISR"]
[TimeControl "40/5400+30:1800+30"]

1. d4 Nf6 2. c4 e6 3. Nc3 Bb4 4. f3 c5 5. d5 b5 6. e4 d6 7. Bd2 a6 8. a4 Ba5 9.
Kf2 bxc4 10. Bxc4 O-O 11. Nge2 Nbd7 12. dxe6 Ne5 13. exf7+ Kh8 14. b3 Nxc4 15.
bxc4 Rxf7 16. Kg1 Nd7 17. h4 Ne5 18. Bg5 Qf8 19. Nd5 Rb8 20. h5 Bd8 21. Bd2
Nxc4 22. Bc3 h6 23. Qc1 Kg8 24. Rb1 Rxb1 25. Qxb1 Be6 26. Qd3 Nb6 27. Nxb6 Bxb6
28. Qxa6 Qb8 29. Kf2 c4+ 30. Bd4 Rb7 31. Rd1 Bf7 32. a5 Bc7 33. Kg1 Kh7 34. Nc3
Rb3 35. Nd5 Bxd5 36. exd5 Rb1 37. Rxb1 Qxb1+ 38. Kh2 Qd3 39. Qa7 c3 40. Bxg7
Qc4 41. Qd4 Qxd4 42. Bxd4 Bxa5 43. Be3 Bb4 44. Bc1 Bc5 45. Kg3 Bd4 46. f4 Kg7
47. Kf3 Bf6 48. Ke4 Bh4 49. g4 Kf6 50. Kd3 Be1 51. Be3 Ke7 52. f5 1-0

[Event "23rd ETCC Open 2021"]
[Site "Catez"]
[Date "2021.11.18"]
[Round "6.54"]
[White "Bjerre, Jonas Buhl"]
[Black "Beukema, Stefan"]
[Result "1-0"]
[ECO "A81"]
[WhiteElo "2569"]
[BlackElo "2408"]
[Annotator "ChessBase"]
[PlyCount "59"]
[EventDate "2021.11.08"]
[EventType "team-tourn"]
[EventCountry "SLO"]
[SourceTitle "playchess.com"]
[Source "ChessBase"]
[SourceQuality "1"]
[WhiteTeam "Denmark"]
[BlackTeam "Belgium"]
[WhiteTeamCountry "DEN"]
[BlackTeamCountry "BEL"]
[TimeControl "40/5400+30:1800+30"]

1. d4 f5 2. g3 Nf6 3. Bg2 d6 4. Nf3 g6 5. O-O Bg7 6. Nbd2 Nc6 7. Re1 O-O 8. e4
fxe4 9. Nxe4 Nxe4 10. Rxe4 Bf5 11. Re1 e5 12. c3 exd4 13. Bg5 Bf6 14. Qb3+ Kh8
15. Bh6 dxc3 16. bxc3 Re8 17. Rxe8+ Qxe8 18. Re1 Qd7 19. Ng5 Nd8 20. Qc4 c6 21.
g4 d5 22. Qf4 Bxc3 23. gxf5 Nf7 24. Nxf7+ Qxf7 25. Re3 Ba1 26. Qd6 gxf5 27. Qe7
Qg6 28. Bf4 Rg8 29. Rg3 Qh5 30. Be5+ 1-0

[Event "23rd ETCC Open 2021"]
[Site "Catez"]
[Date "2021.11.18"]
[Round "6.55"]
[White "Verstraeten, Rein"]
[Black "Rasmussen, Allan Stig"]
[Result "1/2-1/2"]
[ECO "A88"]
[WhiteElo "2386"]
[BlackElo "2577"]
[Annotator "ChessBase"]
[PlyCount "99"]
[EventDate "2021.11.08"]
[EventType "team-tourn"]
[EventCountry "SLO"]
[SourceTitle "playchess.com"]
[Source "ChessBase"]
[SourceQuality "1"]
[WhiteTeam "Belgium"]
[BlackTeam "Denmark"]
[WhiteTeamCountry "BEL"]
[BlackTeamCountry "DEN"]
[TimeControl "40/5400+30:1800+30"]

1. d4 f5 2. g3 Nf6 3. Bg2 d6 4. Nf3 g6 5. O-O Bg7 6. c4 O-O 7. Nc3 c6 8. b4 e5
9. dxe5 dxe5 10. e4 f4 11. Qb3 Qe8 12. b5 Bg4 13. Ba3 Rf7 14. Bd6 Bf8 15. Rad1
Nbd7 16. bxc6 bxc6 17. Qa3 h6 18. c5 g5 19. Bxf8 Qxf8 20. Rd6 Ne8 21. Rxd7 Bxd7
22. Nxe5 f3 23. Nxd7 Rxd7 24. Bh3 Re7 25. Qa4 Qf6 26. e5 Rxe5 27. Bd7 Rd8 28.
Bxc6 Kh8 29. Nd5 Qf7 30. Ne3 Rxc5 31. Bxe8 Qxe8 32. Qxa7 Rdc8 33. h3 R8c7 34.
Qb6 R7c6 35. Qb4 Qe6 36. Qd4+ Qf6 37. Qe4 Re5 38. Qd4 Re8 39. Qd5 Qd6 40. Qxf3
Qf6 41. Nf5 Rce6 42. Kg2 Qe5 43. Rd1 Rf6 44. g4 Qe4 45. Qxe4 Rxe4 46. Rd8+ Kh7
47. Rd7+ Kh8 48. Rd8+ Kh7 49. Rd7+ Kh8 50. Rd8+ 1/2-1/2

[Event "23rd ETCC Open 2021"]
[Site "Catez"]
[Date "2021.11.18"]
[Round "6.56"]
[White "Hansen, Sune Berg"]
[Black "Hovhannisyan, Mher"]
[Result "1-0"]
[ECO "D02"]
[WhiteElo "2543"]
[BlackElo "2419"]
[Annotator "ChessBase"]
[PlyCount "64"]
[EventDate "2021.11.08"]
[EventType "team-tourn"]
[EventCountry "SLO"]
[SourceTitle "playchess.com"]
[Source "ChessBase"]
[SourceQuality "1"]
[WhiteTeam "Denmark"]
[BlackTeam "Belgium"]
[WhiteTeamCountry "DEN"]
[BlackTeamCountry "BEL"]
[TimeControl "40/5400+30:1800+30"]

1. d4 d5 2. Nf3 Nf6 3. Bf4 c6 4. e3 e6 5. Nbd2 Nbd7 6. h3 Be7 7. Bd3 O-O 8. c3
b6 9. g4 c5 10. g5 Nh5 11. Bh2 g6 12. h4 a5 13. a4 Ba6 14. Bxa6 Rxa6 15. Qe2
Ra8 16. Qb5 Qc8 17. O-O-O Qb7 18. Kb1 Rac8 19. Rhg1 Qc6 20. Qxc6 Rxc6 21. e4
Rd8 22. exd5 exd5 23. Nf1 Bd6 24. Ne3 Bxh2 25. Nxh2 Rd6 26. Nf3 Kg7 27. c4 dxc4
28. Nxc4 Rd5 29. Ne3 Rd6 30. d5 Nf8 31. Ne5 Rb8 32. N3c4 Re6 1-0